 Dungeon Crawl Stone Soup version 0.30.0-5-g1a98f26d00 (webtiles) character file.

Game seed: 5119393583617797021

11 browni3141 the Chiller (level 2, -1/22 HPs)
             Began as a Formicid Ice Elementalist on May 11, 2023.
             Slain by a quokka (2 damage)
             ... on level 1 of the Dungeon.
             The game lasted 00:00:43 (220 turns).

browni3141 the Chiller (Formicid Ice Elementalist)   Turns: 220, Time: 00:00:43

Health: -1/22      AC:  2    Str: 12    XL:     2   Next: 40%
Magic:  5/5        EV: 12    Int: 14    God:
Gold:   34         SH:  0    Dex: 14    Spells: 4/5 levels left

rFire   . . .        (no weapon)
rCold   . . .        (no shield)
rNeg    . . .        a - +0 robe
rPois   .            (helmet unavailable)
rElec   .            (no cloak)
rCorr   .            (no gloves)
SInv    +            (no boots)
Will    .....        (no amulet)
Stlth   ++           (no ring)
HPRegen 0.23/turn    (no ring)
MPRegen 0.09/turn

%: no passive effects
@: no status effects
A: permanent stasis, dig shafts and tunnels, antennae 3, four strong arms
a: Dig, Shaft Self


You were on level 1 of the Dungeon.
You visited 1 branch of the dungeon, and saw 1 of its levels.

You collected 34 gold pieces.

Inventory:

Armour
 a - a +0 robe (worn)
Scrolls
 n - a scroll of enchant armour {unknown}
 p - a scroll of enchant weapon {unknown}
 q - a scroll of vulnerability {unknown}
Potions
 o - a potion of mutation {unknown}


   Skills:
 + Level 1.7 Fighting
 - Level 1.8 Dodging
 - Level 2.5 Stealth
 - Level 2.2 Spellcasting
 - Level 4.0 Ice Magic


You had 4 spell levels left.
You knew the following spells:

 Your Spells              Type           Power      Damage    Failure   Level
z - Freeze                Ice            48%        1d6       4%          1

Your spell library contained the following spells:

 Spells                   Type           Power      Damage    Failure   Level
 Frozen Ramparts          Ice            24%        1d4       13%         3
 Ozocubu's Armour         Ice            12%        N/A       13%         3
 Summon Ice Beast         Ice/Summ       7%         N/A       69%         4


Dungeon Overview and Level Annotations

Branches:
Dungeon (1/15)

Altars:


Innate Abilities, Weirdness & Mutations

You cannot be hasted, slowed, berserked, paralysed or teleported.
You can dig through walls and to a lower floor.
You have a pair of large antennae on your head. (SInv)
Your four strong arms can wield two-handed weapons with a shield.


Message History

The goblin shouts!
You freeze the goblin!
You kill the goblin!
q - a scroll labelled BIWIUDW SUSAN You now have 34 gold pieces (gained 19).
You sense a monster nearby.
You sense a monster nearby.
A ball python comes into view.
A bat, a jackal and a quokka come into view.
The jackal barks!
The bat moves out of view.
You freeze the ball python.
The ball python is severely wounded.
The ball python seems to slow down.
A jackal comes into view.
The ball python bites you but does no damage.
The ball python grabs you. The ball python constricts you.
The jackal moves out of view.
You freeze the ball python.
You kill the ball python!
Your Fighting skill increases to level 1!
You have reached level 2!
A jackal comes into view.
You freeze the jackal!
You kill the jackal!
You are out of magic!
You are out of magic!
You catch the helpless bat completely off-guard!
You hit the bat but do no damage. The bat hits you but does no damage.
You are out of magic!
You hit the bat.
You kill the bat!
A jackal is nearby!
A jackal is nearby!
The jackal barks! x2; You hear an angry hiss.
A hobgoblin comes into view.
An endoplasm comes into view.
The jackal barely misses you.
The endoplasm jiggles.
You freeze the jackal.
The jackal is severely wounded.
The jackal barely misses you.
A frilled lizard comes into view.
The jackal attacks as you move away! The jackal bites you.
The jackal closely misses you. The jackal bites you. x2
The endoplasm jiggles.
The jackal bites you. The jackal barely misses you.
Unknown command.
The jackal attacks as you move away! The jackal barely misses you.
The jackal attacks as you move away! The jackal barely misses you. x3
The jackal attacks as you move away!
The jackal bites you but does no damage.
The endoplasm jiggles.
The jackal attacks as you move away! The jackal misses you.
The jackal attacks as you move away! The jackal bites you.
The jackal misses you. The jackal barely misses you.
The jackal closely misses you. The jackal bites you. The jackal bites you.
You miss the jackal.
The jackal is heavily wounded.
The jackal closely misses you.
You completely miss the jackal.
The jackal is heavily wounded.
The jackal bites you. The jackal closely misses you.
You closely miss the jackal.
The jackal is heavily wounded.
The jackal bites you.
You hit the jackal but do no damage.
The jackal is heavily wounded.
The jackal bites you.
* * * LOW HITPOINT WARNING * * *
The jackal bites you.
* * * LOW HITPOINT WARNING * * *
You closely miss the jackal.
The jackal is heavily wounded.
The jackal bites you.
* * * LOW HITPOINT WARNING * * *
Aiming: Freeze (safe; 4% risk of failure)
Press: ? - help, Q - select action, (/) - cycle Shift-Dir - straight line, f/p - jackal
Aim: a jackal (heavily wounded)
You freeze the jackal.
The jackal is almost dead.
The jackal bites you.
* * * LOW HITPOINT WARNING * * *
Aiming: Freeze (safe; 4% risk of failure)
Press: ? - help, Q - select action, (/) - cycle Shift-Dir - straight line, f/p - jackal
Aim: a jackal (almost dead)
You freeze the jackal!
You kill the jackal!
The jackal bites you.
* * * LOW HITPOINT WARNING * * *
Aiming: Freeze (safe; 4% risk of failure)
Press: ? - help, Q - select action, (/) - cycle Shift-Dir - straight line, f - jackal
Aim: a jackal You freeze the jackal.
You kill the jackal!
Magic courses through your body. The quokka bites you.
* * * LOW HITPOINT WARNING * * *
The quokka bites you.
You die...

...............................?#
.......#...............# #....###
.......................###.....##
...............g.................
........##...J.......##.)..######
.....J.##......##..#.......# #
......†#..#######.....##[### #
.........## ####.#..##.# #
.......### #.@rJ...##.# # .......
.......##.......## # .......
######........... # .......
...........# # # .......
##..........# #.## .......
...........### #... #######
.#####.......# ####
.#.(.#.....#.######
#.<.#.†.....†.....


You could see an endoplasm and a quokka.

Vanquished Creatures
  A goblin (D:1)
  2 hobgoblins (D:1)
  3 jackals (D:1)
  2 ball pythons (D:1)
  A bat (D:1)
  A rat (D:1)
10 creatures vanquished.

Notes
Turn   | Place    | Note
-------+----------+-------------------------------------------
     0 | D:1      | browni3141 the Formicid Ice Elementalist began the quest
                  | for the Orb.
     0 | D:1      | Reached XP level 1. HP: 13/13 MP: 3/3
   170 | D:1      | Reached XP level 2. HP: 21/21 MP: 1/5
   218 | D:1      | HP: 1/21 [jackal (2)]
   220 | D:1      | Slain by a quokka

Illustrated notes

Levels and vault maps discovered:
D:1:      minmay_arrival_four_houses, layout_rooms, minmay_rat_gold_closets

Skill      XL: |  1 |
---------------+----+-----
Fighting       | 1 |  1.7
Dodging        | |  1.8
Stealth        | |  2.5
Spellcasting   | |  2.2
Ice Magic      | |  4.0

Action                     || total
---------------------------++-------
  Melee: Unarmed           ||    10
   Cast: Freeze            ||    14
    Use: Potion            ||     1
   Stab: Distracted        ||     1
 Armour: Robe              ||     3
  Dodge: Dodged            ||    21
